 Dungeon Crawl Stone Soup version 0.29-a0-356-g7bc237e783 (webtiles) character file.

Game seed: 14734502520921148376

161 klau3 the Skirmisher (level 5, -4/57 HPs)
             Began as an Ogre Berserker on Apr 26, 2022.
             Was a Believer of Trog.
             Slain by an iguana (10 damage)
             ... on level 4 of the Dungeon.
             The game lasted 00:12:08 (3787 turns).

klau3 the Skirmisher (Ogre Berserker)               Turns: 3787, Time: 00:12:09

Health: -4/57      AC:  3    Str: 23    XL:     5   Next: 42%
Magic:  5/5        EV: 10    Int:  8    God:    Trog [**....]
Gold:   100        SH:  0    Dex:  8    Spells: 4/4 levels left

rFire   + . .      SeeInvis .   a - +0 hand axe
rCold   x . .      Faith    .   (no shield)
rNeg    . . .      Spirit   .   b - +0 animal skin
rPois   .          Reflect  .   (helmet restricted)
rElec   .          Harm     .   (no cloak)
rCorr   .          Rampage  .   (gloves unavailable)
Will    .....                   (boots unavailable)
Stlth   +.........              (no amulet)
HPRegen 0.19/turn               c - ring of fire
MPRegen 0.09/turn               (no ring)

@: no status effects
A: large, unfitting armour, tough skin 1
a: Renounce Religion, Berserk, Trog's Hand


You were on level 4 of the Dungeon.
You worshipped Trog.
Trog was pleased with you.
You visited 1 branch of the dungeon, and saw 4 of its levels.

You collected 100 gold pieces.

Inventory:

Hand Weapons
 a - a +0 hand axe (weapon)
 d - a +0 long sword
 e - a +0 dagger
 k - a +0 hand axe
 u - a +0 spear
Missiles
 h - 8 poisoned darts (quivered)
Armour
 b - a +0 animal skin (worn)
 n - a +0 pair of gloves
Jewellery
 c - a ring of fire (left hand)
Wands
 p - a wand of flame (13)
Scrolls
 f - 2 scrolls of identify {unknown}
 i - a scroll of acquirement {unknown}
 l - a scroll of fear {unknown}
 m - a scroll of immolation {unknown}
 q - a scroll of amnesia {unknown}
Potions
 g - a potion of might {unknown}
 j - 2 potions of mutation {unknown}
 o - a potion of lignification {unknown}
 r - 2 potions of attraction {unknown}
 s - a potion of degeneration {unknown}
 v - a potion of curing {unknown}


   Skills:
 + Level 5.5 Fighting
 + Level 4.3 Axes
 + Level 0.1 Throwing
 + Level 3.5 Dodging
 + Level 0.6 Stealth


You had 4 spell levels left.
You didn't know any spells.
Your spell library contained the following spells:

 Spells                   Type           Power      Damage    Failure   Level
 Corpse Rot               Necr/Air       0%         N/A       54%         2
 Dispel Undead            Necr           0%         3d6       99%         4
 Freezing Cloud           Conj/Ice/Air   0%         6-21      100%        5
 Death Channel            Necr           0%         N/A       100%        6
 Simulacrum               Ice/Necr       0%         N/A       100%        6
 Polar Vortex             Ice            0%         N/A       100%        9


Dungeon Overview and Level Annotations

Branches:
Dungeon (4/15)
 Temple: D:4-7

Altars:

Annotations:
D:3 Crazy Yiuf


Innate Abilities, Weirdness & Mutations

You are too large for most types of armour.
You have tough skin. (AC +1)


Message History

Found a glowing red potion.
Found an escape hatch in the ceiling.
Found a stone staircase leading up.
There is a stone staircase leading up here.
A kobold comes into view. It is wielding a +0 whip.
The kobold shouts!
The kobold throws a stone.
The stone barely misses you.
The kobold throws a stone.
The stone barely misses you.
An iguana comes into view.
The iguana hisses angrily.
You see here a glowing red potion.
You barely miss the iguana. The iguana bites you!
You hit the iguana but do no damage. The iguana misses you.
You hit the iguana but do no damage. The iguana barely misses you.
You hit the iguana.
The iguana is moderately wounded.
The iguana closely misses you.
You hit the iguana.
The iguana is heavily wounded.
The iguana bites you!
* * * LOW HITPOINT WARNING * * *
You closely miss the iguana.
The iguana is heavily wounded.
You hit the kobold.
You kill the kobold!
Trog accepts your kill. The iguana barely misses you.
You hit the iguana.
The iguana is severely wounded.
The iguana barely misses you.
You barely miss the iguana.
The iguana is severely wounded.
The iguana bites you.
* * * LOW HITPOINT WARNING * * *
You closely miss the iguana.
The iguana is severely wounded.
The iguana barely misses you.
You closely miss the iguana.
The iguana is severely wounded.
The iguana bites you!
You die...

... .. ##
## . .# #
.#.##.#
#.###<...
#...l..#
#@.#
#######).#
.K.......#
#######.##
#<# #<#
#.# #.#
#.#


You could see an iguana.

Vanquished Creatures
  2 orc priests (D:3)
  An orc wizard (D:3)
  3 adders
  A worm (D:2)
  A dart slug (D:2)
  4 orcs (D:3)
  2 ball pythons
  3 bats
  3 endoplasms
  2 giant cockroaches (D:2)
  4 goblins
  4 hobgoblins (D:1)
  5 kobolds
  2 quokkas
  A frilled lizard (D:2)
  4 rats
42 creatures vanquished.

Vanquished Creatures (others)
  A plant (D:2)
1 creature vanquished.

Grand Total: 43 creatures vanquished

Notes
Turn   | Place    | Note
-------+----------+-------------------------------------------
     0 | D:1      | klau3 the Ogre Berserker began the quest for the Orb.
     0 | D:1      | Reached XP level 1. HP: 24/24 MP: 1/1
   144 | D:1      | Found a faded altar of an unknown god.
   366 | D:1      | Reached XP level 2. HP: 32/32 MP: 2/2
  1409 | D:2      | Reached XP level 3. HP: 40/40 MP: 3/3
  2559 | D:3      | Reached skill level 5 in Fighting
  2795 | D:3      | Reached XP level 4. HP: 50/50 MP: 4/4
  3230 | D:3      | Reached ** piety under Trog
  3417 | D:3      | Reached XP level 5. HP: 32/57 MP: 5/5
  3697 | D:3      | Found a runed translucent door.
  3698 | D:3      | Noticed Crazy Yiuf
  3787 | D:4      | Slain by an iguana

Illustrated notes

Levels and vault maps discovered:
D:1:      kennysheep_arrival_forest, layout_basic,
          ebering_ecumenical_altar_sacrificial
D:2:      layout_basic, serial_forest, infiniplex_forest_lined_room_,
          infiniplex_forest_clump_small, infiniplex_forest_3_way,
          infiniplex_forest_lined_room_3, infiniplex_forest_clump_curved,
          infiniplex_forest_straight_3, infiniplex_forest_straight_2,
          infiniplex_forest_split, infiniplex_forest_straight_3,
          minmay_misc_feat_enclosed, grunt_decor_resistance
D:3:      layout_basic, minmay_misc_feat_x, grunt_decor_junction,
          uniq_crazy_yiuf_cottage
D:4:      nicolae_cairo_tiling_large, layout_loops_ring,
          mainiacjoe_overflow_paths, nicolae_ossuary_entry_false_entrances,
          gammafunk_ghost_cemetery

Skill      XL: |  1  2  3  4 |
---------------+-------------+-----
Dodging        | 3 |  3.5
Fighting       | 5 |  5.5
Axes           | 4 |  4.3
Throwing       | |  0.1
Stealth        | |  0.6

Action                   |  1- 3 |  4- 6 || total
-------------------------+-------+-------++-------
Melee: Hand axe          |   247 |    50 ||   297
       Punch             |     4 |       ||     4
       Unarmed           |       |     2 ||     2
Throw: Dart              |       |     4 ||     4
Evoke: Wand              |       |     1 ||     1
  Use: Scroll            |       |     2 ||     2
Armor: Animal skin       |    52 |     6 ||    58
Dodge: Dodged            |    62 |    21 ||    83

Table legend: (Time is in decaauts)
 A = Elapsed time spent in this place.
 B = Non-inter-level travel time spent in this place.
 C = Inter-level travel time spent in this place.
 D = Time resting spent in this place.
 E = Time spent auto-exploring this place.
 F = Levels seen in this place.
 G = Mean time per level.
                   A        B        C        D        E       F      G
               +--------+--------+--------+--------+--------+-----+--------+
         Total |   3807 |   2353 |   1454 |      0 |   1673 |   4 |  951.8 |
       Dungeon |   3807 |   2353 |   1454 |      0 |   1673 |   4 |  951.8 |
               +--------+--------+--------+--------+--------+-----+--------+

Top non-repeatable levels by time:
     D:2: 1661 daAuts
     D:3: 1281 daAuts
     D:1: 849 daAuts
     D:4: 14 daAuts
